 Dungeon Crawl Stone Soup version 0.23-a0-270-gab6feb3 (webtiles) character file.

599198 lemonriz the Conqueror (level 26, -8/266 HPs)
             Began as a Minotaur Fighter on Sept 30, 2018.
             Was the Champion of Okawaru.
             Killed by divine providence
             ... invoked by a mummy priest
              (14 damage)
             ... on level 2 of the Tomb of the Ancients on Oct 1, 2018.
             The game lasted 02:48:43 (51875 turns).

lemonriz the Conqueror (Minotaur Fighter)          Turns: 51875, Time: 02:48:44

Health: -8/266     AC: 46    Str: 37    XL:     26   Next: 43%
Magic:  28/28      EV: 21    Int:  5    God:    Okawaru [******]
Gold:   6555       SH: 19    Dex: 19    Spells: 25/25 levels left

rFire    + + .     SeeInvis .   i - +6 long sword (holy)
rCold    + . .     Gourm    .   S - +5 shield of the Everdark {rPois}
rNeg     . . .     Faith    .   P - +10 gold dragon scales
rPois    +         Spirit   .   L - +2 hat
rElec    +         Reflect  .   O - +2 cloak
rCorr    +         Harm     .   V - +1 pair of gloves of Yesterday {-Cast rF+ Dex+3}
MR       +....     NoCast   +   z - +2 pair of boots {Fly}
Stlth    ..........             v - amulet of regeneration
HPRegen  0.94/turn              t - +6 ring of strength
MPRegen  0.21/turn              C - ring "Jekengai" {rCorr rElec Dex+4 Slay+2}

@: flying, slowed, very heavily drained, very slow
A: retaliatory headbutt, horns 2
}: 3/15 runes: decaying, silver, gossamer
a: Heroism, Finesse, Renounce Religion, Stop Flying


You were on level 2 of the Tomb of the Ancients.
You worshipped Okawaru.
Okawaru was exalted by your worship.
You were not hungry.

You visited 12 branches of the dungeon, and saw 49 of its levels.
You also visited: Labyrinth, Sewer, Ossuary and Wizlab.

You collected 7236 gold pieces.
You spent 681 gold pieces at shops.

Inventory:

Hand Weapons
 a - the +8 double sword of Rah Mex {freeze, rC+ Str+7}
   (Okawaru gifted it to you on level 2 of the Spider Nest)

   It has been specially enchanted to freeze those struck by it, causing extra
   injury to most foes and up to half again as much damage against particularly
   susceptible opponents.
   It can also slow down cold-blooded creatures.
   It affects your strength (+7).
   It protects you from cold.
 i - a +6 long sword of holy wrath (weapon)
Missiles
 f - 10 javelins of returning (quivered)
Armour
 z - a +2 pair of boots of flying (worn)
 L - a +2 hat (worn)
 O - a +2 cloak (worn)
 P - +10 gold dragon scales (worn)
 S - the +5 shield of the Everdark (worn) {rPois}
   (You acquired it on level 4 of the Vaults)

   It protects you from poison.
 V - the +1 pair of gloves of Yesterday (worn) {-Cast rF+ Dex+3}
   (You found it on level 4 of the Vaults)

   It affects your dexterity (+3).
   It protects you from fire.
   It prevents spellcasting.
Jewellery
 n - a +1 ring of slaying
 q - the ring of Iwium {+Fly rPois rN+ Str-3 SInv}
   (You found it on level 3 of the Crypt)

   [ring of positive energy]

   It affects your strength (-3).
   It protects you from poison.
   It protects you from negative energy.
   It lets you see invisible.
   It lets you fly.
 t - a +6 ring of strength (left hand)
 v - an amulet of regeneration (around neck)
 C - the ring "Jekengai" (right hand) {rCorr rElec Dex+4 Slay+2}
   (You took it off a yaktaur on level 5 of the Depths)

   [ring of resist corrosion]

   It affects your dexterity (+4).
   It affects your accuracy and damage with ranged weapons and melee attacks
   (+2).
   It insulates you from electricity.
 H - the ring of Qufommir {rC+ rN+ Str-2 Int+3}
   (You found it on level 3 of the Crypt)

   [ring of positive energy]

   It affects your strength (-2).
   It affects your intelligence (+3).
   It protects you from cold.
   It protects you from negative energy.
 J - an uncursed ring of protection from fire
 M - an uncursed ring of protection from cold
 N - an uncursed ring of protection from fire
 Q - an uncursed amulet of guardian spirit {unknown}
 U - an uncursed ring of magical power
 X - an uncursed ring of flight {unknown}
Wands
 b - a wand of random effects (15)
 j - a wand of clouds (3)
 B - a wand of iceblast (52)
 I - a wand of paralysis (33)
 R - a wand of digging (12)
 W - a wand of scattershot (7)
 Y - a wand of acid (24)
Scrolls
 e - 16 scrolls of teleportation
 h - 12 scrolls of blinking
 k - 24 scrolls of remove curse
 o - a scroll of holy word
 s - 6 scrolls of amnesia
 F - 10 scrolls of magic mapping
 G - 7 scrolls of fear
 Z - 2 scrolls of fog
Potions
 d - 7 potions of might
 g - 4 potions of agility
 l - 5 potions of mutation
 p - 10 potions of haste
 r - 8 potions of brilliance
 u - 6 potions of heal wounds
 w - 2 potions of berserk rage
 x - 8 potions of resistance
 A - 12 potions of curing
 D - 5 potions of magic
 E - 4 potions of cancellation
 K - 7 potions of ambrosia
Miscellaneous
 m - 2 boxes of beasts
 y - a fan of gales
 T - a phial of floods
Comestibles
 c - 44 rations


   Skills:
 O Level 27(21.6) Fighting
 - Level 16.0(11.6) Long Blades
 - Level 6.0(2.6) Throwing
 O Level 27(21.6) Armour
 + Level 25.6(20.4) Dodging
 - Level 15.0(10.7) Shields
 - Level 6.0(2.6) Invocations
 - Level 8.4(4.7) Evocations


You had 25 spell levels left.
You didn't know any spells.
Your spell library contained the following spells:

 Spells                   Type           Power        Failure   Level  Hunger
 Animate Skeleton         Necr           N/A          99%         1    ##.....
 Confusing Touch          Hex            #.....       99%         1    ##.....
 Corona                   Hex            #......      99%         1    ##.....
 Magic Dart               Conj           #...         99%         1    ##.....
 Pain                     Necr           #...         99%         1    ##.....
 Sandblast                Erth           #.....       99%         1    ##.....
 Summon Small Mammal      Summ           #...         99%         1    ##.....
 Blink                    Tloc           N/A          100%        2    ###....
 Call Imp                 Summ           #.......     100%        2    ###....
 Corpse Rot               Necr           N/A          100%        2    ###....
 Ensorcelled Hibernation  Hex/Ice        #.....       100%        2    ###....
 Passwall                 Tmut/Erth      #.......     100%        2    ###....
 Searing Ray              Conj           #.....       100%        2    ###....
 Shroud of Golubria       Chrm/Tloc      #.........   100%        2    ###....
 Slow                     Hex            #.......     100%        2    ###....
 Sublimation of Blood     Necr           #.........   100%        2    ###....
 Call Canine Familiar     Summ           #.......     100%        3    ####...
 Confuse                  Hex            #.......     100%        3    ####...
 Conjure Flame            Conj/Fire      #.......     100%        3    ####...
 Dazzling Spray           Conj/Hex       #.....       100%        3    ####...
 Gell's Gravitas          Tloc           #.........   100%        3    ####...
 Inner Flame              Hex/Fire       #.......     100%        3    ####...
 Lesser Beckoning         Tloc           #.........   100%        3    ####...
 Mephitic Cloud           Conj/Pois/Air  #.......     100%        3    ####...
 Portal Projectile        Hex/Tloc       #.....       100%        3    ####...
 Regeneration             Chrm/Necr      #.........   100%        3    ####...
 Static Discharge         Conj/Air       #.......     100%        3    ####...
 Stone Arrow              Conj/Erth      #.....       100%        3    ####...
 Summon Guardian Golem    Hex/Summ       #.......     100%        3    ####...
 Teleport Other           Tloc           #.......     100%        3    ####...
 Tukima's Dance           Hex            #.......     100%        3    ####...
 Vampiric Draining        Necr           #.........   100%        3    ####...
 Animate Dead             Necr           N/A          100%        4    #####..
 Cause Fear               Hex            #.........   100%        4    #####..
 Force Lance              Conj/Tloc      #.......     100%        4    #####..
 Fulminant Prism          Conj/Hex       #.........   100%        4    #####..
 Iskenderun's Mystic Bla  Conj           #.......     100%        4    #####..
 Leda's Liquefaction      Hex/Erth       #.........   100%        4    #####..
 Passage of Golubria      Tloc           N/A          100%        4    #####..
 Petrify                  Tmut/Erth      #.......     100%        4    #####..
 Summon Ice Beast         Ice/Summ       #.......     100%        4    #####..
 Summon Lightning Spire   Summ/Air       #.......     100%        4    #####..
 Agony                    Necr           #.......     100%        5    ######.
 Bolt of Draining         Conj/Necr      #.........   100%        5    ######.
 Bolt of Magma            Conj/Fire/Erth #.........   100%        5    ######.
 Borgnjor's Vile Clutch   Necr/Erth      #.........   100%        5    ######.
 Dispel Undead            Necr           #.......     100%        5    ######.
 Excruciating Wounds      Chrm/Necr      #.........   100%        5    ######.
 Iskenderun's Battlesphe  Conj/Chrm      #.......     100%        5    ######.
 Lee's Rapid Deconstruct  Erth           #.........   100%        5    ######.
 Lightning Bolt           Conj/Air       #.........   100%        5    ######.
 Metabolic Englaciation   Hex/Ice        #.........   100%        5    ######.
 Silence                  Hex/Air        #.........   100%        5    ######.
 Venom Bolt               Conj/Pois      #.........   100%        5    ######.
 Yara's Violent Unravell  Hex/Tmut       #.........   100%        5    ######.
 Conjure Ball Lightning   Conj/Air       #.........   100%        6    #######
 Darkness                 Hex            #.........   100%        6    #######
 Death Channel            Necr           #.........   100%        6    #######
 Deflect Missiles         Chrm/Air       #.........   100%        6    #######
 Freezing Cloud           Conj/Ice/Air   #.........   100%        6    #######
 Invisibility             Hex            #.......     100%        6    #######
 Iron Shot                Conj/Erth      #.........   100%        6    #######
 Shadow Creatures         Summ           N/A          100%        6    #######
 Statue Form              Tmut/Erth      #........    100%        6    #######
 Haunt                    Necr/Summ      #.........   100%        7    #######
 Malign Gateway           Summ/Tloc      #.........   100%        7    #######
 Monstrous Menagerie      Summ           #.........   100%        7    #######
 Orb of Destruction       Conj           #.........   100%        7    #######
 Spellforged Servitor     Conj/Summ      #.........   100%        7    #######
 Summon Greater Demon     Summ           #.........   100%        7    #######
 Borgnjor's Revivificati  Necr           #.........   100%        8    #######
 Death's Door             Chrm/Necr      #.........   100%        8    #######
 Discord                  Hex            #.........   100%        8    #######
 Ignition                 Fire           #.........   100%        8    #######
 Infestation              Necr           #.........   100%        8    #######
 Necromutation            Tmut/Necr      #.........   100%        8    #######
 Summon Horrible Things   Summ           #.........   100%        8    #######
 Shatter                  Erth           #.........   100%        9    #######
 Tornado                  Air            #.........   100%        9    #######


Dungeon Overview and Level Annotations

Branches:
Dungeon (15/15)            Temple (1/1) D:5            Lair (6/6) D:8
  Swamp (4/4) Lair:2       Spider (4/4) Lair:2        Slime (1/5) Lair:6
    Orc (2/2) D:10            Elf (0/3) Orc:2        Vaults (5/5) D:14
  Crypt (3/3) Vaults:2       Tomb (2/3) Crypt:3      Depths (5/5) D:15
    Zot (1/5) Depths:5

Altars:
Ashenzari
Cheibriados
Dithmenos
Elyvilon
Fedhas
Gozag
Hepliaklqana
Kikubaaqudgha
Makhleb
Nemelex Xobeh
Okawaru
Qazlal
Ru
Sif Muna
Trog
Uskayaw
Vehumet
Wu Jian
Xom
Yredelemnul
Zin
The Shining One
Beogh
Jiyva

Shops:
D:9 ?   Orc:2 (}(*   Vaults:2 !   Vaults:4 ?   Depths:1 [

Portals:
Hell: Depths:1 Depths:2 Depths:3 Depths:4 Depths:5
Abyss: Depths:2 Depths:3 Depths:4
Pandemonium: Depths:3
Ziggurat: Depths:2
Trove: D:11 (give 6 scrolls of blinking)


Innate Abilities, Weirdness & Mutations

You reflexively headbutt those who attack you in melee.
You have a pair of horns on your head.


Message History

The ancient champion mumbles some strange words.
The ancient champion seems to speed up.
Found a potion of lignification.
A mummy comes into view.
Okay, then.
You feel much better.
You hear a distant "Zot"! x2
A guardian mummy comes into view.
The greater mummy gestures at you while chanting.
Something smites you!
* * * LOW HITPOINT WARNING * * *
The greater mummy calls on the powers of darkness!
Your body is wracked with pain!
* * * LOW HITPOINT WARNING * * *
You block the mummy's attack.
You block the freezing wraith's attack. x2
The ushabti shakes and rattles deafeningly!
The mummy priest invokes the aid of its god against you.
Something smites you!
You die...

#####+#########
...............
...............
#....!........#
#.............#
...?...M.......
##@## #WW.#
......WM....... .
##....Mzz..##..
..##...4MM.4.##..
.....Z8..4s1..M..
#....WMM.MM......
#.?........s....!
......M....L....[


You could see 2 greater mummies, a Hell Sentinel, an ancient champion, a mummy
priest, a skeletal warrior, a phantasmal warrior, 2 guardian mummies, an
ushabti, 2 freezing wraiths, a hungry ghost, a chaos spawn, 2 death scarabs, 2
red devils, 5 mummies and a fire giant simulacrum.

Vanquished Creatures
  Mennas (Tomb:1)
  An ancient lich (Depths:5)
  2 juggernauts
  A greater mummy (Tomb:1)
  Frederick (Crypt:2)
  5 caustic shrikes
  6 golden dragons
  Nikola (Spider:4)
  Rupert (D:13)
  6 tentacled monstrosities
  3 liches
  3 titans
  2 quicksilver dragons
  12 sphinxes
  An acid blob (Depths:4)
  2 ancient champions
  6 tengu reavers
  2 thorn hunters
  7 revenants
  11 storm dragons
  Kirke (Swamp:3)
  8 shadow dragons
  13 fire giants
  A balrug (Depths:2)
  A deep elf sorcerer (Vaults:5)
  22 vault wardens
  7 ghost moths
  14 frost giants
  An orc warlord (Orc:1)
  2 caustic shrike zombies (Depths:3)
  10 ghouls
  8 emperor scorpions
  A spriggan defender (Depths:2)
  23 ironheart preservers
  3 iron dragons
  3 curse skulls
  A draconian annihilator (Depths:5)
  2 deep elf elementalists (Vaults:5)
  25 stone giants
  23 very ugly things
  A war gargoyle (Vaults:5)
  5 vampire knights
  9 entropy weavers
  2 deep elf demonologists
  2 bennus (Tomb:1)
  The ghost of Dukluodd the Unseen, a journeyman HaGl of Dithmenos (Lair:5)
  4 deep elf annihilators
  Azrael (D:13)
  7 spark wasps
  11 purple draconians (WizLab)
  A minotaur (Lab)
  A minotaur (shapeshifter) (Vaults:5)
  18 ettins
  6 eidola (Crypt:3)
  A crystal guardian (Vaults:4)
  9 statues (WizLab)
  2 green deaths (Swamp:4)
  3 deep elf death magi
  6 jiangshi
  4 mummy priests (Tomb:1)
  3 spectral quicksilver dragons (Crypt:3)
  A death ooze (Swamp:4)
  A fire dragon (shapeshifter) (Depths:5)
  10 rakshasas
  7 great orbs of eyes
  Fannar (Lair:3)
  30 vault guards
  A quicksilver dragon skeleton (Crypt:3)
  6 yaktaur captains
  4 deep elf high priests
  20 hydras
  14 centaur warriors
  9 fire dragons
  A spectral shadow dragon (Crypt:3)
  9 ice dragons
  Harold (D:10)
  2 hell beasts (Swamp:4)
  4 shambling mangroves
  3 spriggan air magi
  A hydra (shapeshifter) (Depths:2)
  An alligator (shapeshifter) (Depths:5)
  2 spectral fire giants (Crypt:3)
  17 alligators
  A spectral stone giant (Crypt:3)
  7 death knights
  A queen ant (shapeshifter) (Vaults:5)
  2 vampire magi
  20 ogre magi
  17 death scarabs
  9 deep troll shamans
  62 two-headed ogres
  8 tengu warriors
  2 dancing weapons (Vaults:5)
  A storm dragon zombie (Depths:2)
  5 spriggan berserkers
  Urug (D:14)
  2 thrashing horrors (Swamp:4)
  10 deep troll earth magi
  3 spectral storm dragons (Crypt:3)
  A soul eater (Crypt:3)
  A spectral dire elephant (Crypt:3)
  4 orc high priests (Orc:2)
  10 deep elf knights
  2 sun demons (Depths:2)
  2 titan skeletons (Crypt:1)
  28 skeletal warriors
  A salamander mystic (Depths:1)
  4 shadow wraiths
  3 iron trolls (Depths:2)
  A golden dragon zombie (Depths:3)
  5 hell knights
  A spectral anaconda (Crypt:3)
  3 spriggan druids
  An entropy weaver zombie (Crypt:2)
  6 unseen horrors
  An anaconda zombie (Crypt:1)
  A swamp dragon (shapeshifter) (Depths:5)
  3 spark wasp zombies
  14 flayed ghosts
  A spectral iron dragon (Crypt:3)
  6 glowing orange brains
  30 deep trolls
  A tengu zombie (Depths:2)
  Pikel (D:9)
  16 phantasmal warriors
  A spectral hydra (Crypt:3)
  6 swamp dragons
  14 ironbrand convokers
  8 necromancers
  A wizard (Depths:4)
  9 deep elf archers
  2 spectral wolf spiders
  2 lindwurms (Lair:6)
  A wolf spider zombie (Crypt:1)
  A sphinx zombie (Crypt:2)
  A mana viper (shapeshifter) (Vaults:1)
  4 harpies (Vaults:2)
  3 salamanders (shapeshifter)
  19 orc knights
  83 ugly things
  A spectral ice dragon (Crypt:3)
  9 orc sorcerers
  3 fire giant zombies
  A human zombie (Vaults:5)
  36 wolf spiders
  10 cyclopes
  2 spectral fire dragons (Crypt:3)
  A faun (shapeshifter) (Vaults:4)
  12 orb spiders
  A spectral shock serpent (Crypt:3)
  3 salamanders (Depths:1)
  A stone giant zombie (Crypt:1)
  27 deep elf magi
  4 manticores
  4 moths of wrath
  A stone giant skeleton (Depths:2)
  66 slime creatures
  3 black mambas (shapeshifter)
  A spriggan zombie (Depths:3)
  Joseph (D:9)
  4 gargoyles
  2 guardian serpents (shapeshifter)
  7 torpor snails
  3 orange demons (Swamp:4)
  2 fire giant skeletons
  5 black mambas
  16 spiny frogs
  A hellion (Depths:1)
  21 vault sentinels
  A green draconian zombie (Crypt:2)
  39 yaktaurs
  11 demonic crawlers
  10 komodo dragons
  A yaktaur (shapeshifter) (Vaults:1)
  5 rime drakes (Lair:4)
  A komodo dragon (shapeshifter) (D:13)
  5 hellwings (Depths:1)
  8 guardian mummies (Tomb:1)
  A kobold demonologist (D:15)
  A grey draconian skeleton (Crypt:3)
  18 freezing wraiths
  4 red devils (Depths:1)
  2 human skeletons (Vaults:3)
  A purple draconian skeleton (Crypt:3)
  A queen bee (shapeshifter) (Vaults:1)
  A polar bear (shapeshifter) (Depths:5)
  46 hornets
  2 polar bears
  A wolf spider simulacrum (Crypt:3)
  2 meliai (shapeshifter)
  A wind drake (shapeshifter) (Vaults:2)
  29 jumping spiders
  A merfolk (shapeshifter) (Depths:5)
  8 trolls
  4 tengu conjurers
  21 tyrant leeches
  2 spectral manticores (Crypt:3)
  9 blink frogs
  A tengu simulacrum (Depths:2)
  A frost giant simulacrum (Crypt:3)
  A slime creature (shapeshifter) (Depths:5)
  A raiju (shapeshifter) (Vaults:4)
  A fire dragon zombie (Crypt:1)
  22 hippogriffs
  An iron dragon simulacrum (Crypt:3)
  11 bog bodies
  A large abomination (Swamp:4)
  13 flying skulls (Tomb:1)
  A fire giant simulacrum (Crypt:3)
  An ettin skeleton (Vaults:3)
  15 spriggans
  85 redbacks
  40 yaks
  A black mamba skeleton (Crypt:3)
  3 shadows
  A tarantella (shapeshifter) (Vaults:4)
  14 wraiths
  8 wyverns
  3 vampires (Vaults:2)
  24 tarantellas
  3 water elementals
  A spriggan (shapeshifter) (Depths:3)
  A wyvern (shapeshifter) (Vaults:4)
  10 ushabtiu (Tomb:1)
  3 fire elementals (D:13)
  Eustachio (D:6)
  11 basilisks
  2 humans (shapeshifter)
  2 fire bats (Depths:1)
  A golden eye (shapeshifter) (Depths:2)
  16 humans (D:13)
  A wind drake skeleton (Crypt:2)
  Menkaure (D:6)
  2 monstrous demonspawn zombies (Crypt:1)
  18 swamp worms
  An emperor scorpion simulacrum (Crypt:3)
  2 wargs
  32 vampire mosquitoes
  10 water moccasins
  3 soldier ants
  2 acid dragons
  23 insubstantial wisps
  A floating eye (Depths:2)
  6 hell hounds
  2 swamp drakes
  46 orc warriors
  A gelid demonspawn skeleton (Crypt:3)
  10 porcupines
  A spectral snapping turtle (Crypt:3)
  5 ice beasts
  2 phantoms
  A black bear (shapeshifter) (Vaults:5)
  A blink frog zombie (Crypt:3)
  6 sky beasts
  A lindwurm skeleton (Crypt:3)
  4 necrophages (Crypt:1)
  45 ogres
  4 wolves (Lair:2)
  14 boggarts
  A wolf (shapeshifter) (D:15)
  30 centaurs
  A centaur (shapeshifter) (Depths:5)
  11 crocodiles
  4 big kobolds
  A draconian zombie (Crypt:3)
  2 elf zombies
  A spectral human (Crypt:3)
  2 wyvern zombies
  25 bullfrogs
  3 water moccasin zombies (Ossuary)
  4 scorpions
  2 queen bee zombies
  12 killer bees
  11 wights
  2 howler monkeys (D:8)
  3 electric eels
  A bullfrog zombie (D:12)
  8 crimson imps
  2 quasits (D:12)
  An iron imp (Depths:3)
  3 centaur zombies
  2 human simulacra
  6 centaur skeletons
  16 orc priests
  A bullfrog skeleton (D:5)
  7 hounds
  4 jellies
  Jessica (D:3)
  Natasha (D:2)
  An iguana (D:13)
  27 orc wizards
  7 worker ants
  A porcupine skeleton (Crypt:1)
  5 big kobold zombies (Ossuary)
  A crocodile zombie (Crypt:1)
  A killer bee zombie (Crypt:2)
  A crocodile skeleton (Crypt:1)
  A naga skeleton (Crypt:3)
  A tengu skeleton (Crypt:1)
  A hound zombie (D:9)
  15 mummies
  Robin (D:2)
  15 gnolls
  A howler monkey skeleton (Crypt:1)
  27 adders
  5 river rats (Sewer)
  3 shadow imps
  5 adder zombies
  A lava snake zombie (Crypt:2)
  A worm zombie (Crypt:2)
  An adder skeleton (D:6)
  3 worms
  A worm (shapeshifter) (Vaults:5)
  3 leopard geckos
  98 orcs
  8 bats
  6 giant cockroaches
  2 gnoll zombies (Ossuary)
  16 goblins
  8 hobgoblins
  6 jackals
  21 kobolds
  4 quokkas
  11 ball pythons
  A dart slug zombie (Crypt:2)
  5 frilled lizards
  5 hobgoblin zombies (Ossuary)
  7 kobold zombies (Ossuary)
  4 leopard gecko skeletons
  A leopard gecko zombie (D:5)
  3 orc zombies (Ossuary)
  A quokka skeleton (D:6)
  27 rats
  A river rat skeleton (Crypt:2)
  2 briar patches (Depths:4)
  2 plants (Lair:6)
2503 creatures vanquished.

Vanquished Creatures (collateral kills)
  4 oklob plants (Depths:4)
  A centaur (Depths:4)
5 creatures vanquished.

Vanquished Creatures (others)
  Asterion (Spider:1)
  A sphinx (Tomb:1)
  2 death scarabs (Tomb:2)
  A deep elf mage (WizLab)
  2 humans (Swamp:3)
  2 fire bats (Depths:1)
  A slave (D:9)
  3 boggarts
  2 briar patches (Swamp:4)
  15 fungi
  26 plants
56 creatures vanquished.

Grand Total: 2564 creatures vanquished

Notes
Turn   | Place    | Note
-------+----------+-------------------------------------------
     0 | D:1      | lemonriz the Minotaur Fighter began the quest for the Orb.
     0 | D:1      | Reached XP level 1. HP: 19/19 MP: 0/0
     6 | D:1      | Noticed a salamander
     6 | D:1      | Noticed a hound
     7 | D:1      | Noticed a crocodile
     7 | D:1      | Noticed an eight-headed hydra
   133 | D:1      | Reached XP level 2. HP: 27/27 MP: 1/1
   671 | D:2      | Reached XP level 3. HP: 30/33 MP: 2/2
   765 | D:2      | Reached XP level 4. HP: 26/40 MP: 3/3
   916 | D:2      | Noticed Natasha
   931 | D:2      | Killed Natasha
  1460 | D:2      | Noticed Robin
  1475 | D:2      | Reached XP level 5. HP: 31/47 MP: 4/4
  1499 | D:2      | Killed Robin
  1988 | D:3      | Reached skill level 5 in Long Blades
  2057 | D:3      | Reached XP level 6. HP: 55/55 MP: 5/5
  2370 | D:3      | Noticed Jessica
  2377 | D:3      | Killed Jessica
  2377 | D:3      | Reached skill level 5 in Armour
  2592 | D:4      | Reached skill level 5 in Fighting
  2592 | D:4      | Reached skill level 5 in Shields
  2877 | D:4      | Noticed a dagger
  2878 | D:4      | Noticed an enchanted dagger
  2879 | D:4      | Found a hide-covered altar of Uskayaw.
  2887 | D:4      | Found an iron altar of Okawaru.
  3201 | D:5      | Entered Level 5 of the Dungeon
  3362 | D:5      | Found a staircase to the Ecumenical Temple.
  3697 | D:5      | Reached XP level 7. HP: 59/61 MP: 6/6
  4191 | D:6      | Noticed Menkaure
  4199 | D:6      | Killed Menkaure
  4199 | D:6      | Reached XP level 8. HP: 22/70 MP: 7/7
  4271 | D:6      | Found a glowing drain.
  4298 | Sewer    | Entered a sewer
  4859 | D:6      | Noticed Eustachio
  4869 | D:6      | Killed Eustachio
  5196 | Temple   | Entered the Ecumenical Temple
  5306 | D:4      | Became a worshipper of Warmaster Okawaru
  5364 | D:7      | Found a sand-covered staircase.
  5373 | Ossuary  | Entered an ossuary
  5456 | Ossuary  | Reached skill level 1 in Dodging
  5456 | Ossuary  | Reached XP level 9. HP: 79/79 MP: 8/8
  6230 | D:7      | Reached * piety under Okawaru
  6339 | D:8      | Found a sparkling altar of Nemelex Xobeh.
  6342 | D:8      | Found a radiant altar of Vehumet.
  6350 | D:8      | Reached skill level 1 in Invocations
  6360 | D:8      | Found a shadowy altar of Dithmenos.
  6374 | D:8      | Reached skill level 10 in Long Blades
  6511 | D:8      | Reached ** piety under Okawaru
  6826 | D:8      | Found a staircase to the Lair.
  7062 | D:9      | Found a blossoming altar of Fedhas.
  7104 | D:9      | Reached XP level 10. HP: 86/88 MP: 10/10
  7268 | D:9      | Noticed Joseph
  7288 | D:9      | Killed Joseph
  7385 | D:9      | Reached *** piety under Okawaru
  7431 | D:9      | Found a blossoming altar of Fedhas.
  7436 | D:9      | Found Lumaolesm's Magic Scroll Shop.
  7446 | D:9      | Upgraded the game from 0.23-a0-261-g133332c to
                  | 0.23-a0-269-g65e0026
  7608 | D:9      | Noticed Pikel
  7617 | D:9      | Killed Pikel
  7856 | D:10     | Entered Level 10 of the Dungeon
  7856 | D:10     | Noticed a gargoyle
  7889 | D:10     | Reached **** piety under Okawaru
  7941 | D:10     | Killed an unseen horror
  7941 | D:10     | Received a gift from Okawaru
  7971 | D:10     | Noticed Harold
  7990 | D:10     | Killed Harold
  7990 | D:10     | Reached skill level 5 in Dodging
  8196 | D:10     | Killed an unseen horror
  8196 | D:10     | Reached ***** piety under Okawaru
  8196 | D:10     | Reached XP level 11. HP: 80/97 MP: 13/13
  8637 | D:10     | Received a gift from Okawaru
  8642 | D:10     | Got a slimy rapier {god gift}
  8643 | D:10     | Identified the +1 rapier "Minotaur's Foe" {freeze, Str+4
                  | Dex+4 Stlth+} (Okawaru gifted it to you on level 10 of the
                  | Dungeon)
  8848 | D:10     | Found a staircase to the Orcish Mines.
  8984 | Lair:1   | Entered Level 1 of the Lair of Beasts
  9361 | Lair:1   | Reached skill level 5 in Invocations
  9534 | Lair:1   | Received a gift from Okawaru
  9667 | Lair:1   | Reached skill level 10 in Armour
  9851 | Lair:2   | Reached skill level 10 in Fighting
  9851 | Lair:2   | Reached skill level 10 in Shields
  9935 | Lair:2   | Noticed an eight-headed hydra
 10237 | Lair:2   | Reached XP level 12. HP: 99/106 MP: 15/15
 10281 | Lair:2   | Found a hole to the Spider Nest.
 10374 | Lair:2   | Killed a 12-headed hydra
 10770 | D:11     | Found a shimmering altar of Xom.
 10913 | D:11     | Found a portal to a secret trove of treasure.
 10954 | D:11     | Noticed a two-headed ogre
 10961 | D:11     | Killed a two-headed ogre
 11149 | D:11     | Received a gift from Okawaru
 11152 | D:11     | Got a shimmering great sword {god gift}
 11163 | D:11     | Identified the +8 great sword of Pytt {speed, rF- Int+6}
                  | (Okawaru gifted it to you on level 11 of the Dungeon)
 11169 | D:11     | Noticed an eight-headed hydra
 11181 | D:11     | Killed a 12-headed hydra
 11204 | D:11     | Noticed a two-headed ogre
 11214 | D:11     | Killed a two-headed ogre
 11448 | D:12     | Noticed a two-headed ogre
 11461 | D:12     | Killed a two-headed ogre
 12004 | D:13     | Reached ****** piety under Okawaru
 12011 | D:13     | Received a gift from Okawaru
 12112 | D:13     | Noticed a tengu warrior
 12113 | D:13     | Noticed a tengu warrior
 12113 | D:13     | Noticed a rakshasa
 12150 | D:12     | Killed a tengu warrior
 12150 | D:12     | Reached XP level 13. HP: 109/117 MP: 16/16
 12180 | D:12     | Received a gift from Okawaru
 12468 | D:13     | Noticed Azrael
 12575 | D:13     | Killed Azrael
 12828 | Lair:2   | Found a staircase to the Swamp.
 13031 | Swamp:1  | Entered Level 1 of the Swamp
 13086 | Lair:3   | Found a labyrinth entrance.
 13109 | Lab      | Entered a labyrinth
 13621 | Lab      | Noticed a minotaur
 13640 | Lab      | Killed a minotaur
 13650 | Lab      | Got a steaming hunting sling
 13651 | Lab      | Identified the +2 hunting sling "Hoashra" {velocity, +Blink
                  | rPois} (You found it in a labyrinth)
 13743 | Lair:3   | Noticed Fannar
 13761 | Lair:3   | Killed Fannar
 13837 | Lair:3   | Received a gift from Okawaru
 14315 | Lair:4   | Reached XP level 14. HP: 116/129 MP: 17/17
 14599 | Lair:4   | Received a gift from Okawaru
 15049 | Lair:5   | Found a runed gate.
 15146 | Lair:5   | Found a runed gate.
 15147 | Lair:5   | Found a runed gate.
 15147 | Lair:5   | Noticed Dukluodd's ghost (journeyman HaGl)
 15181 | Lair:5   | Killed Dukluodd's ghost
 15181 | Lair:5   | Reached skill level 1 in Evocations
 15981 | Lair:6   | Entered Level 6 of the Lair of Beasts
 16573 | Lair:6   | Found a staircase to the Slime Pits.
 16905 | Slime:1  | Entered Level 1 of the Pits of Slime
 16905 | Slime:1  | Found a viscous altar of Jiyva.
 16905 | Slime:1  | Noticed an azure jelly
 16905 | Slime:1  | Noticed an acid blob
 16905 | Slime:1  | Noticed an azure jelly
 16975 | Lair:6   | Found a runed door.
 17010 | Lair:6   | Received a gift from Okawaru
 18119 | D:14     | Found a gate to the Vaults.
 18119 | D:14     | Noticed Urug
 18119 | D:14     | Noticed Rupert
 18165 | D:13     | Killed Rupert
 18175 | D:13     | Reached skill level 15 in Shields
 18176 | D:13     | Reached skill level 15 in Fighting
 18203 | D:13     | Reached skill level 15 in Armour
 18207 | D:13     | Received a gift from Okawaru
 18207 | D:13     | Reached XP level 15. HP: 123/141 MP: 18/18
 18243 | D:14     | Killed Urug
 18319 | D:14     | Reached skill level 5 in Evocations
 18831 | Orc:1    | Entered Level 1 of the Orcish Mines
 19257 | Orc:1    | Found a roughly hewn altar of Beogh.
 19425 | Orc:2    | Entered Level 2 of the Orcish Mines
 19425 | Orc:2    | Found a staircase to the Elven Halls.
 19676 | Orc:2    | Found a radiant altar of Vehumet.
 19739 | Orc:2    | Noticed an orc warlord
 19800 | Orc:1    | Killed an orc warlord
 20131 | Orc:2    | Received a gift from Okawaru
 20202 | Orc:2    | Found Sutzeac's Assorted Antiques.
 20502 | Orc:2    | Found Naucsais's Antique Weapon Shoppe.
 20778 | Orc:2    | Found Hoeperas's Weapon Boutique.
 20796 | Orc:2    | Found Suduaghu's Gadget Boutique.
 20815 | Orc:2    | Bought a pair of glowing gloves for 232 gold pieces
 20826 | Orc:2    | Bought a scroll of enchant armour for 232 gold pieces
 20826 | Orc:2    | Bought a scroll of identify for 62 gold pieces
 20826 | Orc:2    | Bought a potion of heal wounds for 155 gold pieces
 21227 | Swamp:1  | Received a gift from Okawaru
 21491 | Swamp:1  | Noticed a tentacled monstrosity
 21512 | Swamp:1  | Killed a tentacled monstrosity
 22294 | Swamp:2  | Reached XP level 16. HP: 118/151 MP: 20/20
 22766 | Swamp:3  | Reached skill level 10 in Dodging
 22834 | Swamp:3  | Noticed Kirke
 22835 | Swamp:3  | Received a gift from Okawaru
 23038 | Swamp:3  | Killed Kirke
 23501 | Swamp:4  | Entered Level 4 of the Swamp
 23729 | Swamp:4  | Received a gift from Okawaru
 23764 | Swamp:4  | Got a smoking falchion {god gift}
 23765 | Swamp:4  | Identified the +5 falchion "Featoet" {freeze, *Drain rF+
                  | rN+ Str+2} (Okawaru gifted it to you on level 4 of the
                  | Swamp)
 24238 | Swamp:4  | Received a gift from Okawaru
 24385 | Swamp:4  | Noticed a thorn hunter
 24470 | Swamp:4  | Killed a thorn hunter
 24470 | Swamp:4  | Reached skill level 15 in Long Blades
 24945 | Swamp:4  | Reached XP level 17. HP: 126/161 MP: 22/22
 25136 | Swamp:4  | Got a decaying rune of Zot
 25317 | Spider:1 | Entered Level 1 of the Spider Nest
 25619 | Spider:1 | Noticed Asterion
 25673 | Spider:1 | Killed Asterion
 26798 | Spider:2 | Received a gift from Okawaru
 26808 | Spider:2 | Got a steaming double sword {god gift}
 26809 | Spider:2 | Identified the +8 double sword of Rah Mex {freeze, rC+
                  | Str+7} (Okawaru gifted it to you on level 2 of the Spider
                  | Nest)
 27869 | Spider:4 | Entered Level 4 of the Spider Nest
 27965 | Spider:4 | Received a gift from Okawaru
 28493 | Spider:4 | Reached XP level 18. HP: 170/173 MP: 23/23
 28713 | Spider:4 | Received a gift from Okawaru
 28811 | Spider:4 | Got a gossamer rune of Zot
 29145 | Spider:4 | Noticed Nikola
 29158 | Spider:4 | Killed Nikola
 29702 | Vaults:1 | Entered Level 1 of the Vaults
 29823 | Vaults:1 | Received a gift from Okawaru
 30303 | Vaults:1 | Reached XP level 19. HP: 184/184 MP: 24/24
 30490 | Vaults:1 | Received a gift from Okawaru
 30504 | Vaults:1 | Reached skill level 15 in Dodging
 30531 | Vaults:1 | Got a smoking buckler {god gift}
 30542 | Vaults:1 | Identified the +0 buckler of Okawaru's Approval {rF+ rCorr}
                  | (Okawaru gifted it to you on level 1 of the Vaults)
 31184 | Vaults:2 | Found Guskel's Distillery.
 31589 | Vaults:2 | Received a gift from Okawaru
 31638 | Vaults:2 | Got a scorched plate armour {god gift}
 31650 | Vaults:2 | Identified the +0 plate armour of Amelioration {Int+7
                  | Dex-4} (Okawaru gifted it to you on level 2 of the Vaults)
 32156 | Vaults:2 | Found a staircase to the Crypt.
 32461 | Vaults:3 | Found a magical portal.
 32482 | WizLab   | Entered Iskenderun's Mystic Tower
 32706 | WizLab   | Reached XP level 20. HP: 117/195 MP: 25/25
 33012 | WizLab   | Received a gift from Okawaru
 33026 | WizLab   | Identified Iskenderun's Volume of Conjuration
 33026 | WizLab   | Identified Iskenderun's Tome of Confrontation
 33158 | WizLab   | Identified the +2 plate armour of Oxogoru {+Inv rF+ rCorr
                  | Dex-3} (You found it in a wizard's laboratory)
 33168 | WizLab   | Identified the Collected Works on Flying Hexes
 33628 | Vaults:2 | Received a gift from Okawaru
 33787 | Vaults:3 | Identified a scroll of acquirement
 34482 | Vaults:3 | Received a gift from Okawaru
 34644 | Vaults:3 | Upgraded the game from 0.23-a0-269-g65e0026 to
                  | 0.23-a0-270-gab6feb3
 34743 | Vaults:4 | Identified the +1 pair of gloves of Yesterday {-Cast rF+
                  | Dex+3} (You found it on level 4 of the Vaults)
 35029 | Vaults:4 | Received a gift from Okawaru
 35291 | Vaults:4 | Reached XP level 21. HP: 207/207 MP: 26/26
 35756 | Vaults:4 | Found Yniguph's Magic Scroll Shop.
 35832 | Vaults:4 | Got a bloodstained shield
 35843 | Vaults:4 | Identified the +5 shield of the Everdark {rPois} (You
                  | acquired it on level 4 of the Vaults)
 36249 | Vaults:4 | Received a gift from Okawaru
 36338 | Vaults:5 | Entered Level 5 of the Vaults
 36405 | Vaults:4 | Reached skill level 1 in Throwing
 36601 | Vaults:5 | Noticed a golden dragon
 36738 | Vaults:5 | Noticed a golden dragon
 36755 | Vaults:5 | Killed a golden dragon
 36777 | Vaults:5 | Paralysed by a sphinx for 7 turns
 36819 | Vaults:5 | Killed a golden dragon
 36821 | Vaults:5 | Received a gift from Okawaru
 37131 | Vaults:5 | Reached XP level 22. HP: 146/220 MP: 27/27
 37187 | Vaults:5 | Identified the Compendium of the Twisted Mountains
 37224 | Vaults:5 | Reached skill level 5 in Throwing
 37313 | Vaults:5 | Identified the amulet "Imi Duh" {Faith +Fly Int+4} (You
                  | took it off a tengu reaver on level 5 of the Vaults)
 37521 | Vaults:5 | Got a silver rune of Zot
 37556 | Vaults:5 | Received a gift from Okawaru
 37872 | Vaults:5 | Received a gift from Okawaru
 38656 | Crypt:1  | Entered Level 1 of the Crypt
 38701 | Crypt:1  | Received a gift from Okawaru
 38786 | Crypt:1  | Received a gift from Okawaru
 39936 | Crypt:1  | Reached XP level 23. HP: 229/229 MP: 28/28
 40252 | Crypt:2  | Noticed Frederick
 40276 | Crypt:2  | Killed Frederick
 41020 | Crypt:3  | Entered Level 3 of the Crypt
 41180 | D:15     | Entered Level 15 of the Dungeon
 41428 | D:15     | Received a gift from Okawaru
 41433 | D:15     | Identified the +7 demon blade "Otaarynk" {drain, rF++ MR+}
                  | (Okawaru gifted it to you on level 15 of the Dungeon)
 41569 | D:15     | Found an iron altar of Okawaru.
 41885 | D:15     | Found a staircase to the Depths.
 41896 | Depths:1 | Entered Level 1 of the Depths
 42279 | Depths:1 | Found Tauves's Armour Boutique.
 42408 | Depths:1 | Found a gateway to Hell.
 42421 | Depths:1 | Received a gift from Okawaru
 43047 | Depths:2 | Noticed a caustic shrike
 43198 | Depths:2 | Found a gateway to a ziggurat.
 43510 | Depths:2 | Found a one-way gate to the infinite horrors of the Abyss.
 43532 | Depths:2 | Got a clouded marble ring
 43545 | Depths:2 | Reached XP level 24. HP: 220/242 MP: 28/28
 43658 | Depths:2 | Noticed a juggernaut
 43716 | Depths:2 | Killed a juggernaut
 43718 | Depths:2 | Received a gift from Okawaru
 43762 | Depths:2 | Paralysed by a floating eye for 3 turns
 43768 | Depths:2 | Paralysed by a floating eye for 3 turns
 43787 | Depths:2 | Received a gift from Okawaru
 44094 | Depths:2 | Identified the ring of Ycit {*Tele Int+3 Slay+2} (You took
                  | it off a balrug on level 2 of the Depths)
 44793 | Depths:3 | Found a one-way gate leading to the halls of Pandemonium.
 45440 | Depths:4 | Received a gift from Okawaru
 45836 | Depths:4 | Received a gift from Okawaru
 45962 | Depths:4 | Received a gift from Okawaru
 46159 | Depths:5 | Entered Level 5 of the Depths
 46166 | Depths:5 | Reached XP level 25. HP: 253/253 MP: 28/28
 46335 | Depths:5 | Noticed an ancient lich
 46361 | Depths:5 | Killed an ancient lich
 46379 | Depths:5 | Paralysed by a sphinx for 3 turns
 46385 | Depths:5 | Received a gift from Okawaru
 46858 | Depths:5 | Received a gift from Okawaru
 46899 | Depths:5 | Got a transparent steel ring
 46993 | Depths:5 | Received a gift from Okawaru
 47209 | Depths:5 | Noticed a juggernaut
 47225 | Depths:5 | Killed a juggernaut
 47225 | Depths:5 | Received a gift from Okawaru
 47252 | Depths:5 | Found a gate to the Realm of Zot.
 47472 | Depths:5 | Received a gift from Okawaru
 47472 | Depths:5 | Reached skill level 27 in Fighting
 47475 | Depths:5 | Reached skill level 27 in Armour
 47680 | Zot:1    | Entered Level 1 of the Realm of Zot
 48554 | Crypt:3  | Found a staircase to the Tomb.
 48912 | Crypt:3  | Received a gift from Okawaru
 48915 | Crypt:3  | Identified the ring "Jekengai" {rCorr rElec Dex+4 Slay+2}
                  | (You took it off a yaktaur on level 5 of the Depths)
 48996 | Crypt:3  | Got an encrusted scimitar {god gift}
 48998 | Crypt:3  | Identified the +5 scimitar of Hibed {venom, Str-3 Int+5}
                  | (Okawaru gifted it to you on level 3 of the Crypt)
 49470 | Crypt:3  | Reached XP level 26. HP: 266/266 MP: 28/28
 49938 | Crypt:3  | Identified the ring of Iwium {+Fly rPois rN+ Str-3 SInv}
                  | (You found it on level 3 of the Crypt)
 49939 | Crypt:3  | Identified the ring of Qufommir {rC+ rN+ Str-2 Int+3} (You
                  | found it on level 3 of the Crypt)
 50092 | Tomb:1   | Entered Level 1 of the Tomb of the Ancients
 50236 | Tomb:1   | Paralysed by a sphinx for 5 turns
 50254 | Tomb:1   | HP: 11/265 [sphinx (4)]
 50258 | Tomb:1   | Paralysed by a sphinx for 4 turns
 50576 | Tomb:1   | Noticed Mennas
 50596 | Tomb:1   | Killed Mennas
 50695 | Tomb:1   | Received a gift from Okawaru
 50842 | Tomb:1   | Noticed a greater mummy
 50868 | Tomb:1   | Killed a greater mummy
 51382 | Tomb:1   | Received a gift from Okawaru
 51869 | Tomb:2   | Noticed a greater mummy
 51869 | Tomb:2   | Noticed a greater mummy
 51871 | Tomb:2   | Noticed a greater mummy
 51872 | Tomb:2   | Noticed a greater mummy
 51873 | Tomb:2   | HP: 11/252 [ushabti] (12)]
 51874 | Tomb:2   | HP: 4/266 [??? (2)]
 51875 | Tomb:2   | Killed from afar by a mummy priest

Vault maps used:
D:1:      onia_arrival_zoo_common
D:2:      first_ration, uniq_robin, uniq_natasha
D:3:      uniq_jessica
D:4:      dancing_weapons_uskayaw, nicolae_overflow_hidden_temple
D:5:      temple_doors_cd, kennysheep_generic_room_4
D:6:      gup_sewer_entry_glass, uniq_eustachio, uniq_menkaure
D:7:      nicolae_ossuary_entry_monument
D:8:      grunt_temple_overflow_diamond, grunt_lair_entry_orc_guard_hut
D:9:      lemuel_round_altar, serial_shops, shop, fedhas_altar_3, uniq_pikel,
          uniq_joseph
D:10:     david_orc_4, uniq_harold
D:11:     basic_altar, nicolae_trove_entry_crossroad
D:13:     uniq_azrael
D:14:     david_vaults_3, serial_bayou_shore_b
D:15:     gammafunk_enter_depths_forms, lemuel_doored_altar
Temple:   nicolae_temple_x_marks_the_god
Lair:1:   beast_lair_carwin_5
Lair:2:   minmay_swamp_entry_worms, nicolae_spider_entry_tight_spaces
Lair:3:   lab_entry_generic, uniq_fannar
Lair:4:   special_room, grunt_megastairs_4
Lair:5:   minmay_lair_venomous_thicket, ebering_ghost_rock_garden,
          grunt_megastairs_1
Lair:6:   wormcave, dpeg_slime_entry_corner
Swamp:1:  evilmike_swamp_ruin_rubble_1
Swamp:2:  nicolae_swamp_little_tower, swamp_pool2, cheibrodos_swamp_slimy,
          infiniplex_staircase_pool
Swamp:3:  hangedman_swamp_blocks, swamp_pool2, infiniplex_staircase_pool_2,
          uniq_kirke
Swamp:4:  swamp_vile
Spider:1: nicolae_spider_hall_of_the_moth_king, uniq_asterion
Spider:2: nicolae_spider_nook
Spider:4: spider_rune_water, worms_lemuel, uniq_nikola
Slime:1:  basic_altar
Orc:1:    mines1_david
Orc:2:    st_orc_elflike, basic_altar
Vaults:1: ontoclasm_vaults_misaligned, dpeg_vaults_monster_row,
          vaults_room_door_ring, v_misc_26, v_rooms_5, vaults_room_pool,
          nicolae_vaults_little_squares_2, vaults_room_grid, v_misc_10,
          grunt_vaults_hallway_short, nicolae_vaults_alarming,
          ontoclasm_vaults_pinch, v_alt_pattern_6
Vaults:2: minmay_crypt_entry_vampire_xt, vaults_room_fours,
          nicolae_vaults_windows_and_doors_thing, nicolae_vaults_network_square,
          nicolae_vaults_stairing_the_circle, ontoclasm_vaults_ring_square,
          vaults_room_hallway, hangedman_vaults_slice, hangedman_vaults_maws,
          nicolae_vaults_little_squares_4, serial_shops, shop
Vaults:3: hangedman_vaults_cutoff, hangedman_vaults_snaps, v_misc_12,
          nicolae_vaults_little_squares_4, ontoclasm_vaults_gateway,
          nicolae_vaults_disjoint_gnomons, vaults_mumra_hex,
          hangedman_vaults_unwind, nicolae_vaults_quartermaster,
          vaults_mumra_chevron_long, nicolae_vaults_little_squares_4,
          grunt_vaults_hallway_short, nicolae_vaults_little_squares_6,
          mu_enter_wizlab_6
Vaults:4: ontoclasm_vaults_shout, ontoclasm_vaults_hangar,
          nicolae_vaults_little_squares_2, vaults_dpeg_ring,
          vaults_room_corners, nicolae_vaults_three_branches, serial_shops,
          nicolae_shop_crystal
Vaults:5: serial_shops
Crypt:1:  grunt_ministairs_10, small_statue_intersection,
          hangedman_weighted_door, nicolae_crypt_small_crypt
Crypt:2:  uniq_frederick
Crypt:3:  due_elkab
Tomb:1:   uniq_mennas
Depths:1: hellmouth_3, minmay_misc_feat_roman, serial_shops, shop,
          minmay_parallelograms, kennysheep_dice
Depths:2: evilmike_inaccessible_box, enter_ziggurat_e, serial_sigils,
          serial_sigils_hangedman_scar, serial_sigils_hangedman_shear,
          serial_sigils_hangedman_gut, serial_sigils_hangedman_gut,
          serial_sigils_hangedman_gut, abyss_entry, lightli_too_deep
Depths:3: grunt_house_of_mirrors, rand_demon_pan_entry_7, serial_glass,
          glass_columns_b, glass_columns_b, hell_entry,
          hangedman_abyss_entry_splay
Depths:4: dpeg_oklob_gauntlet, abyss_entry, serial_glass, glass_columns_b,
          glass_columns_a, serial_bayou_pond_d, pf_coc_iceberg
Depths:5: hangedman_pleasuredromes, hell_entry
Lab:      nicolae_lab_hexagon
Sewer:    sewer_minmay_w
Ossuary:  ossuary_tomb_2
WizLab:   wizlab_iskenderun

Skill      XL: |  1  2  3  4  5  6  7  8  9 10 11 12 13 14 15 16 17 18 19 20 21 22 23 24 25 26 |
---------------+-------------------------------------------------------------------------------+-----
Long Blades    | 3 4 5 6 7 9 10 12 13 14 15 16 | 16.0
Fighting       | 4 5 6 7 8 9 10 11 13 15 16 17 18 19 20 22 23 24 25 26 27 | 27.0
Armour         | 4 5 6 7 8 9 10 11 13 15 16 17 18 19 20 22 23 24 25 26 27 | 27.0
Shields        | 4 5 6 7 8 9 10 11 13 15 | 15.0
Dodging        | 1 3 5 6 7 9 11 13 14 16 17 18 20 21 22 24 25 | 25.6
Invocations    | 2 4 5 6 |  6.0
Evocations     | 4 7 8 |  8.4
Throwing       | 4 6 |  6.0

Action                   |  1- 3 |  4- 6 |  7- 9 | 10-12 | 13-15 | 16-18 | 19-21 | 22-24 | 25-27 || total
-------------------------+-------+-------+-------+-------+-------+-------+-------+-------+-------++-------
Melee: Long sword        |    67 |   198 |   461 |   591 |   997 |   105 |       |   475 |   513 ||  3407
       Headbutt          |     6 |    37 |   105 |   159 |   427 |   496 |   500 |   687 |   421 ||  2838
       Scimitar          |       |       |       |       |   474 |   864 |       |       |       ||  1338
       Unarmed           |       |       |       |       |       |    13 |       |       |       ||    13
       Double sword      |       |       |       |       |       |   557 |  1315 |  1237 |   471 ||  3580
Throw: Javelin           |       |       |       |       |       |       |       |    14 |    17 ||    31
Invok: Heroism           |       |       |       |     2 |     1 |     1 |       |     5 |     1 ||    10
       Finesse           |       |       |       |     2 |       |       |       |     3 |     1 ||     6
Evoke: Wand              |       |       |       |     2 |     3 |     1 |       |     6 |     1 ||    13
       Fan of gales      |       |       |       |       |     1 |       |       |       |       ||     1
       Box of beasts     |       |       |       |       |       |       |     1 |     2 |       ||     3
  Use: Scroll            |       |       |       |    26 |    11 |    16 |    19 |    18 |     7 ||    97
       Potion            |       |       |       |       |     1 |     4 |     3 |     3 |    15 ||    26
 Stab: Invisible         |       |       |       |       |       |       |       |     4 |       ||     4
  Eat: Chunk             |       |     9 |     8 |    14 |    14 |    15 |    14 |    17 |     5 ||    96
       Ration            |       |       |     1 |     1 |     6 |     4 |     3 |     4 |     5 ||    24
Armor: Scale mail        |    23 |    95 |    92 |       |       |       |       |       |       ||   210
       Plate armour      |       |       |   118 |    88 |       |       |       |       |       ||   206
       Gold dragon scale |       |       |       |   147 |   596 |   926 |   400 |   429 |   455 ||  2953
Dodge: Dodged            |    21 |    66 |   143 |   167 |   478 |   797 |   593 |   749 |   635 ||  3649
Block: Shield            |    40 |   122 |   416 |   412 |  1147 |  1447 |  1064 |  1442 |   953 ||  7043
       Rpst.: Long sword |     8 |    20 |    45 |    23 |    78 |     5 |       |    30 |    57 ||   266
       Scimitar          |       |       |       |       |    33 |    91 |       |       |       ||   124
       Double sword      |       |       |       |       |       |    57 |   100 |    99 |    50 ||   306

Table legend:
 A = Non-vault XP
 B = Vault XP
 C = Vault XP percentage of total XP
 D = Non-vault monster count
 E = Vault monster count
 F = Vault count percentage of total count
                 A         B        C        D         E       F
            +---------+---------+-------+---------+---------+-------
      Total |  683744 |  712248 |  51.0 |    1585 |     922 |  36.8
            +---------+---------+-------+---------+---------+-------
        D:1 |      23 |       0 |   0.0 |      14 |       0 |   0.0
        D:2 |     220 |      71 |  24.4 |      27 |      13 |  32.5
        D:3 |      96 |      37 |  27.8 |      23 |       1 |   4.2
        D:4 |     183 |       0 |   0.0 |       6 |       0 |   0.0
        D:5 |     123 |      37 |  23.1 |       9 |       2 |  18.2
        D:6 |     733 |     375 |  33.8 |      19 |       5 |  20.8
        D:7 |     804 |       0 |   0.0 |      24 |       0 |   0.0
        D:8 |    1341 |     532 |  28.4 |      36 |       5 |  12.2
        D:9 |     975 |    1133 |  53.7 |      11 |       2 |  15.4
       D:10 |    3929 |    1648 |  29.5 |      24 |      16 |  40.0
       D:11 |    6874 |       0 |   0.0 |      32 |       0 |   0.0
       D:12 |    9088 |       0 |   0.0 |      39 |       0 |   0.0
       D:13 |   12062 |    9148 |  43.1 |      34 |      24 |  41.4
       D:14 |    4837 |    1349 |  21.8 |      21 |       2 |   8.7
       D:15 |   21529 |    4763 |  18.1 |      54 |       9 |  14.3
     Lair:1 |    4752 |    1845 |  28.0 |      19 |       5 |  20.8
     Lair:2 |    3639 |    2548 |  41.2 |      15 |      10 |  40.0
     Lair:3 |    4476 |    1023 |  18.6 |      21 |       1 |   4.5
     Lair:4 |    3310 |    7662 |  69.8 |      14 |      29 |  67.4
     Lair:5 |    7306 |    3352 |  31.5 |      26 |      15 |  36.6
     Lair:6 |    7460 |    7405 |  49.8 |      23 |      19 |  45.2
    Swamp:1 |   13249 |       0 |   0.0 |      33 |       0 |   0.0
    Swamp:2 |   16146 |       0 |   0.0 |      38 |       0 |   0.0
    Swamp:3 |   18148 |    5040 |  21.7 |      49 |       6 |  10.9
    Swamp:4 |   21076 |   17347 |  45.1 |      56 |      25 |  30.9
   Spider:1 |   19260 |    7258 |  27.4 |      45 |       9 |  16.7
   Spider:2 |   18093 |    4695 |  20.6 |      44 |      13 |  22.8
   Spider:3 |    9453 |    1587 |  14.4 |      22 |       5 |  18.5
   Spider:4 |   15280 |   30072 |  66.3 |      42 |      58 |  58.0
      Orc:1 |    6331 |       0 |   0.0 |      39 |       0 |   0.0
      Orc:2 |    4969 |    8432 |  62.9 |      48 |      25 |  34.2
   Vaults:1 |   47198 |   18603 |  28.3 |      75 |      20 |  21.1
   Vaults:2 |   35789 |   31217 |  46.6 |      59 |      41 |  41.0
   Vaults:3 |   29053 |   35790 |  55.2 |      53 |      49 |  48.0
   Vaults:4 |   58496 |   37769 |  39.2 |      78 |      43 |  35.5
   Vaults:5 |   36400 |  104657 |  74.2 |      53 |      72 |  57.6
    Crypt:1 |   37061 |    9952 |  21.2 |      57 |      13 |  18.6
    Crypt:2 |   18375 |    5147 |  21.9 |      28 |       1 |   3.4
    Crypt:3 |   10548 |   42530 |  80.1 |      22 |      62 |  73.8
     Tomb:1 |   14301 |   49654 |  77.6 |      38 |      40 |  51.3
     Tomb:2 |    2624 |       0 |   0.0 |       3 |       0 |   0.0
   Depths:1 |   38879 |    6183 |  13.7 |      60 |      18 |  23.1
   Depths:2 |   59365 |   54325 |  47.8 |      84 |      35 |  29.4
   Depths:3 |   19611 |   39199 |  66.7 |      25 |      20 |  44.4
   Depths:4 |   28727 |    5531 |  16.1 |      32 |       6 |  15.8
   Depths:5 |   10298 |  122830 |  92.3 |      10 |      91 |  90.1
        Lab |    1254 |       0 |   0.0 |       1 |       0 |   0.0
      Sewer |       0 |     400 | 100.0 |       0 |      48 | 100.0
    Ossuary |       0 |     442 | 100.0 |       0 |      31 | 100.0
     WizLab |       0 |   30660 | 100.0 |       0 |      33 | 100.0
            +---------+---------+-------+---------+---------+-------
